 Dungeon Crawl Stone Soup version 0.17.0-28-g6e173f8 (webtiles) character file.

2638 Ijustatesigmund the Covert (level 9, -8/42 HPs)
             Began as a Vine Stalker Assassin on Nov 26, 2015.
             Was an Initiate of Cheibriados.
             Mangled by an orc warrior
             ... wielding a +0 war axe
              (14 damage)
             ... on level 8 of the Dungeon.
             The game lasted 00:30:05 (5924 turns).

Ijustatesigmund the Covert (Vine Stalker Assassin)  Turns: 5924, Time: 00:30:05

Health: -8/42      AC:  1    Str: 18    XL:     9   Next: 61%
Magic:  0/10       EV: 12    Int: 15    God:    Cheibriados [......]
Gold:   466        SH:  0    Dex: 20    Spells: 0 memorised, 8 levels left

rFire  . . .     SeeInvis +     z - +2 dagger (venom)
rCold  + . .     Clarity  .     x - +2 robe {MR+}
rNeg   + . .     SustAt   .     (no shield)
rPois  +         Gourm    .     m - -5 hat of the King {Str+3 Dex+3 SInv} (curse)
rElec  .         Spirit   +     d - +0 cloak
rCorr  .         Warding  +     (no gloves)
rMut   .         Stasis   .     l - +0 pair of boots
MR     ++...                    M - amulet of warding
Stlth  +++++.....               y - ring of poison resistance
                                t - ring of protection from cold

@: very slow, very resistant to hostile enchantments, quite stealthy
A: fangs 3, regeneration 2, magic shield, antimagic bite, no device heal 3, rot
immunity
a: Bend Time, Renounce Religion


You were on level 8 of the Dungeon.
You worshipped Cheibriados.
Cheibriados was noncommittal.
You were not hungry.

You visited 2 branches of the dungeon, and saw 10 of its levels.
You also visited: Bailey.

You collected 466 gold pieces.

Inventory:

Hand Weapons
 b - a +0 blowgun
 z - a +2 dagger of venom (weapon)
 B - a +1 dagger of electrocution
Missiles
 e - 41 poisoned needles
 P - 5 javelins (quivered)
Armour
 c - a +0 robe
 d - a +0 cloak (worn)
 l - a +0 pair of boots (worn)
 m - the cursed -5 hat of the King (worn) {Str+3 Dex+3 SInv}
   (You found it on level 5 of the Dungeon)

   It affects your strength (+3).
   It affects your dexterity (+3).
   It lets you see invisible.
   It has a curse placed upon it.
 v - a +1 ring mail of fire resistance
 x - a +2 robe of magic resistance (worn)
Magical Staves
 a - an uncursed staff of conjuration
Jewellery
 t - a ring of protection from cold (left hand)
 y - a ring of poison resistance (right hand)
 M - an amulet of warding (around neck)
Wands
 u - a wand of frost (30)
 C - a wand of teleportation (4)
 D - a wand of digging (11)
 E - a wand of slowing (26)
Scrolls
 j - a scroll of blinking
 w - 3 scrolls of immolation
 F - a scroll of fear
 I - a scroll of amnesia
 N - a scroll of recharging
Potions
 h - a potion of mutation {unknown}
 k - 3 potions of curing
 n - 2 potions of flight
 o - 3 potions of brilliance
 q - 2 potions of agility
 r - a potion of poison {unknown}
 J - a potion of cure mutation {unknown}
 K - a potion of resistance
 O - a potion of heal wounds {unknown}
Books
 f - a book of Burglary

   Spells                             Type                      Level
   a - Swiftness                      Charms/Air                   2
   b - Passwall                       Transmutation/Earth          3
   c - Passage of Golubria            Translocation                4
   d - Lee's Rapid Deconstruction     Earth                        5
   e - Darkness                       Hexes                        6
   f - Invisibility                   Hexes                        6
Comestibles
 g - 5 bread rations
 s - 3 fruits
 A - 3 meat rations
 G - a beef jerky
 H - a royal jelly


   Skills:
 - Level 1.7 Fighting
 + Level 7.0 Short Blades
 + Level 7.0 Throwing
 - Level 0.7 Dodging
 + Level 10.6 Stealth


You had 8 spell levels left.
You didn't know any spells.

Dungeon Overview and Level Annotations

Branches:
Dungeon (9/15)             Temple (1/1) D:7
   Lair: D:8-11         Orc: D:9-12

Altars:
Ashenzari
Cheibriados
Dithmenos
Makhleb
Okawaru
Zin

Shops:
D:4 *   D:7 [

Annotations:
D:7 Ijustatesigmund's ghost, novice VSAs


Innate Abilities, Weirdness & Mutations

You have razor-sharp teeth.
You heal very quickly.
When hurt, damage is shared between your health and your magic reserves.
Your bite disrupts and absorbs the magic of your enemies.
Potions and wands cannot restore your health.
You are immune to rotting.


Message History

The orc warrior is heavily wounded.
The orc warrior hits you with a war axe.
You hit the orc warrior but do no damage.
You bite the orc warrior. You drain its power.
You feel invigorated.
The orc warrior is heavily wounded.
The goblin hits you with a hand axe.
* * * LOW HITPOINT WARNING * * *
You hit the goblin but do no damage. Your bite misses the goblin.
The orc warrior hits you with a war axe!
* * * LOW HITPOINT WARNING * * *
The goblin barely misses you. The orc warrior barely misses you.
Welcome back to the Dungeon!
There is an empty arch of ancient stone here.
You hit the orc warrior but do no damage.
The orc warrior is severely wounded.
The goblin barely misses you.
You closely miss the orc warrior. Your bite misses the orc warrior.
The orc warrior is severely wounded.
The orc warrior hits you with a war axe!
You die...

#.......##......#
#.......##......#
#.......###..#'######
#..#.##... #..#..#.#
#..##...# #.......#
#...)...# #..)@)..#
#+.?go..#
#..........#
#............
#..........#.#
##.#####.#.# # #.
.#.# #. .# #


You could see an orc warrior and a goblin.

Vanquished Creatures
  The ghost of Ijustatesigmund the Covert, a novice VSAs of Cheibriados (D:6)
  Sigmund (D:2)
  A spriggan (D:7)
  A hippogriff (D:7)
  Edmund (D:6)
  Duvessa (D:6)
  An ice beast (D:5)
  3 orc warriors
  A phantom (D:6)
  2 centaurs
  Dowan (D:6)
  A giant frog (D:6)
  2 scorpions
  A giant frog zombie (D:6)
  A crimson imp (D:5)
  A jelly (D:8)
  Crazy Yiuf (D:6)
  7 orc priests
  6 orc wizards
  2 hounds
  Natasha (thrice) (D:2)
  2 worker ants (D:4)
  A hound skeleton (D:4)
  8 gnolls
  3 adders
  An ooze (D:3)
  2 adder skeletons
  2 worms
  4 giant geckos
  23 orcs
  4 ball pythons
  6 bats
  7 giant cockroaches
  7 goblins
  7 hobgoblins
  13 kobolds
  A giant cockroach zombie (D:5)
  2 giant newts
  7 quokkas
  A quokka skeleton (D:5)
  7 rats
  A fungus (D:7)
148 creatures vanquished.

Vanquished Creatures (others)
  2 fungi (D:7)
2 creatures vanquished.

Grand Total: 150 creatures vanquished

Notes
Turn   | Place    | Note
--------------------------------------------------------------
     0 | D:1      | Ijustatesigmund the Vine Stalker Assassin began the quest for the Orb.
     0 | D:1      | Reached XP level 1. HP: 11/11 MP: 2/2
    24 | D:1      | Reached skill level 5 in Stealth
    37 | D:1      | Reached XP level 2. HP: 12/15 MP: 1/3
   279 | D:2      | Noticed Natasha
   298 | D:2      | Killed Natasha
   298 | D:2      | Reached XP level 3. HP: 16/18 MP: 4/4
   405 | D:3      | Reached XP level 4. HP: 12/23 MP: 3/5
  1207 | D:2      | Found an iron altar of Okawaru.
  1208 | D:2      | Found a shattered altar of Ashenzari.
  1208 | D:2      | Found a burning altar of Makhleb.
  1239 | D:2      | Noticed Natasha
  1241 | D:2      | Killed Natasha
  1241 | D:2      | Reached skill level 6 in Stealth
  1241 | D:2      | Reached XP level 5. HP: 26/26 MP: 6/6
  1332 | D:2      | Noticed Natasha
  1335 | D:2      | Killed Natasha
  1418 | D:2      | You fall through a shaft!
  1552 | D:2      | Noticed Sigmund
  1573 | D:2      | Killed Sigmund
  1573 | D:2      | Gained mutation: You heal very quickly. [Vine Stalker growth]
  1573 | D:2      | Reached XP level 6. HP: 20/30 MP: 4/7
  1862 | D:3      | Reached skill level 7 in Stealth
  1992 | D:3      | Reached XP level 7. HP: 27/34 MP: 5/8
  2624 | D:4      | Found a shadowy altar of Dithmenos.
  2747 | D:4      | Found Kayst's Elemental Accessories.
  2927 | D:5      | Entered Level 5 of the Dungeon
  3108 | D:5      | Reached skill level 8 in Stealth
  3274 | D:5      | Reached skill level 5 in Short Blades
  3274 | D:5      | Gained mutation: You have razor-sharp teeth. [Vine Stalker growth]
  3274 | D:5      | Reached XP level 8. HP: 34/38 MP: 9/9
  3564 | D:5      | Got an ancient hat
  3570 | D:5      | Identified the cursed -5 hat of the King {Str+3 Dex+3 SInv} (You found it on level 5 of the Dungeon)
  3746 | D:6      | Noticed Ijustatesigmund's ghost (novice VSAs)
  3784 | D:5      | Reached skill level 5 in Throwing
  3825 | D:6      | Noticed Duvessa
  3838 | D:6      | Killed Duvessa
  3839 | D:6      | Noticed Dowan
  3853 | D:6      | Killed Dowan
  3956 | D:6      | Killed Ijustatesigmund's ghost
  3956 | D:6      | Reached skill level 9 in Stealth
  4207 | D:6      | Noticed Edmund
  4210 | D:6      | Killed Edmund
  4226 | D:6      | Reached XP level 9. HP: 37/42 MP: 7/10
  4452 | D:6      | Noticed Crazy Yiuf
  4457 | D:6      | Killed Crazy Yiuf
  4966 | D:7      | Found a staircase to the Ecumenical Temple.
  4980 | D:7      | Reached skill level 10 in Stealth
  5026 | D:7      | Noticed Ijustatesigmund's ghost (novice VSAs)
  5040 | D:7      | Found Kahyza Zimi's Antique Armour Boutique.
  5269 | D:7      | Noticed a hill giant
  5417 | Temple   | Entered the Ecumenical Temple
  5446 | Temple   | Became a worshipper of Cheibriados the Contemplative
  5526 | D:8      | Found a glowing silver altar of Zin.
  5828 | D:8      | Found a flagged portal.
  5834 | Bailey   | Entered a bailey
  5844 | Bailey   | Noticed septik's ghost (journeyman GrFi)
  5924 | D:8      | Mangled by an orc warrior

Action                   |  1- 3 |  4- 6 |  7- 9 || total
-------------------------+-------+-------+-------++-------
Melee: Dagger            |    60 |   114 |   304 ||   478
 Fire: Blowgun           |       |    20 |    51 ||    71
Throw: Javelin           |       |       |     9 ||     9
Evoke: Wand              |       |       |    14 ||    14
  Use: Scroll            |       |     4 |    16 ||    20
       Potion            |       |     2 |     6 ||     8
 Stab: Sleeping          |     3 |     7 |    15 ||    25
       Distracted        |       |     1 |     2 ||     3
  Eat: Chunk             |       |     3 |     5 ||     8
       Beef jerky        |       |       |     3 ||     3
       Pizza             |       |       |     2 ||     2
       Royal jelly       |       |       |     1 ||     1
